Map: Oxide LE

Players

DEVIN - Winner!

  • Race: Terran Terran
  • League: Master
  • Spawn Location: 7:00

Osiris

  • Race: Terran Terran
  • League: Master
  • Spawn Location: 1:00

VOD

Have the link to the VOD?

Description

Time

  • Played on: March 10, 2021, 3:52 a.m.
  • Length: 9:41
Show
View Real Time Build Order
Export as new Build Order

DEVIN Terran - Winner!

Build Orders: Gas First Reaper Expand 

Get SALT Encoding   

  12  0:00  SCV  
  13  0:12  SCV  
  14  0:17  Supply Depot  
  14  0:24  SCV  
  14  0:27  Refinery  
  15  0:38  SCV  
  16  0:47  Barracks  
  16  0:54  SCV  
  17  1:06  SCV  
  18  1:20  SCV  
  19  1:33  Orbital Command  
  19  1:34  Reaper  
  20  1:49  Command Center  
  19  2:01  Factory  
  19  2:07  Barracks Reactor  
  19  2:09  SCV  
  20  2:16  Supply Depot  
  20  2:19  Refinery  
  20  2:21  SCV  
  21  2:29  Bunker  
  21  2:37  SCV  
  22  2:49  SCV  
  23  2:55  Barracks Tech Lab, Hellion  
  23  2:56  Hellion  
  27  3:01  Supply Depot  
  27  3:07  SCV  
  27  3:11  Orbital Command  
  28  3:16  Starport  
  29  3:24  Hellion  
  29  3:26  SCV  
  31  3:30  Hellion  
  33  3:35  Marauder  
  33  3:36  Concussive Shells  
  33  3:40  SCV  
  36  3:42  SCV  
  37  3:52  SCV  
  37  3:53  Starport Tech Lab  
  37  3:54  SCV  
  39  3:56  Fusion Core  
  39  4:00  Marauder  
  41  4:04  SCV  
  41  4:06  Hellion  
  41  4:09  SCV  
  45  4:16  Supply Depot  
  46  4:17  SCV  
  46  4:21  Hellion  
  46  4:32  SCV  
  46  4:37  Hellion  
  45  4:42  Hellion  
  47  4:47  Battlecruiser  
  47  4:48  SCV  
  47  4:50  Supply Depot  
  54  5:09  SCV x2, Command Center  
  52  5:14  Supply Depot  
  52  5:21  SCV x2, Starport  
  54  5:24  Barracks  
  54  5:26  Marine  
  55  5:33  SCV x2  
  57  5:42  Refinery  
  57  5:44  Supply Depot  
  57  5:45  Refinery, SCV x2  
  57  5:57  SCV x2  
  59  6:09  SCV x2  
  61  6:16  Battlecruiser  
  67  6:21  SCV x2  
  67  6:22  Orbital Command  
  63  6:27  Barracks Tech Lab  
  69  6:32  Battlecruiser  
  69  6:33  SCV  
  69  6:38  SCV, Factory Reactor  
  69  6:39  Barracks x2  
  71  6:43  Barracks  
  71  6:44  Engineering Bay  
  71  6:46  SCV, Marine x3  
  75  6:48  Stimpack  
  75  6:50  SCV  
  76  6:58  SCV  
  77  7:02  SCV  
  77  7:03  Marine  
  77  7:04  Marine  
  77  7:05  Marine  
  81  7:10  SCV  
  81  7:14  SCV  
  83  7:21  Marine x2  
  83  7:22  SCV  
  84  7:27  Terran Infantry Weapons Level 1, SCV  
  84  7:29  Battlecruiser  
  87  7:32  Barracks Reactor x2  
  87  7:34  SCV  
  87  7:36  Orbital Command  
  87  7:39  SCV, Supply Depot  
  87  7:40  Supply Depot  
  88  7:44  Marine  
  88  7:45  Factory Tech Lab, Marine x2  
  88  7:46  SCV  
  88  7:50  Marine  
  88  7:51  SCV  
  93  7:54  Refinery  
  93  7:56  Refinery, Supply Depot  
  93  7:57  Supply Depot  
  93  8:01  Marine  
  93  8:02  SCV  
  93  8:03  SCV  
  97  8:14  SCV  
  97  8:15  SCV  
  97  8:17  Missile Turret x3  
  97  8:18  Battlecruiser  
  104  8:26  SCV  
  104  8:29  Marine x4  
  104  8:30  Marine  
  109  8:41  SCV  
  109  8:47  Marine x3  
  109  8:48  SCV  
  114  8:49  SCV, Barracks Reactor  
  114  8:50  Marine x2  
  117  8:58  SCV, Marine  
  116  9:05  Marine x2  
  117  9:14  Marine  
  117  9:16  Marine  
  117  9:17  Marine  
  117  9:18  Supply Depot  
  117  9:19  Supply Depot x2  
  117  9:21  Marine  
  117  9:22  SCV, Marine  
  117  9:23  Marine  
Show
View Real Time Build Order
Export as new Build Order

Osiris Terran 

Build Orders:  

Get SALT Encoding   

  12  0:00  SCV  
  13  0:12  SCV  
  14  0:17  Supply Depot  
  14  0:24  SCV  
  15  0:38  SCV  
  15  0:40  Barracks  
  16  0:43  Refinery  
  16  0:50  SCV  
  16  0:52  Refinery  
  17  1:02  SCV  
  18  1:15  SCV  
  19  1:28  Reaper  
  21  1:33  Orbital Command  
  20  1:46  Factory  
  20  1:52  Supply Depot  
  20  2:00  SCV, Reaper  
  22  2:13  SCV  
  23  2:22  Command Center  
  23  2:25  SCV  
  24  2:31  Hellion  
  25  2:46  SCV  
  25  2:50  Supply Depot  
  26  2:52  Starport  
  26  2:54  Factory Tech Lab, Barracks Reactor  
  26  2:59  SCV  
  27  3:16  SCV  
  27  3:19  Factory Tech Lab  
  28  3:25  Refinery  
  28  3:28  SCV  
  28  3:32  Marine x2  
  31  3:34  Orbital Command  
  31  3:40  SCV  
  32  3:52  Raven  
  32  3:53  Marine x2  
  36  3:58  SCV  
  36  4:02  SCV  
  38  4:03  Command Center  
  38  4:08  Cyclone  
  41  4:10  SCV  
  42  4:17  Marine x2  
  42  4:18  SCV  
  42  4:36  SCV  
  42  4:39  Marine x2, Raven  
  44  4:50  SCV x2  
  46  4:54  Refinery, Siege Tank  
  46  4:58  Marine  
  46  4:59  Marine  
  51  5:02  SCV  
  51  5:04  SCV  
  52  5:14  SCV  
  52  5:18  SCV  
  52  5:20  Orbital Command  
  54  5:29  SCV, Siege Tank  
  54  5:32  SCV  
  59  5:35  Barracks  
  59  5:36  Supply Depot, Stimpack, Barracks, Viking x2  
  59  5:41  SCV  
  64  5:45  SCV  
  62  5:52  SCV, Marine  
  62  5:53  SCV  
  66  5:57  SCV  
  66  6:03  Supply Depot  
  66  6:04  Cyclone  
  67  6:07  Viking x2  
  69  6:23  SCV  
  69  6:24  SCV  
  71  6:31  SCV  
  72  6:35  SCV  
  72  6:37  Siege Tank, Viking  
  78  6:44  Marine, Viking  
  78  6:46  Supply Depot  
  81  7:00  SCV x2  
  83  7:01  Barracks Reactor x2  
  83  7:05  Orbital Command  
  83  7:07  Supply Depot x2  
  81  7:11  Siege Tank, Viking  
  83  7:27  SCV  
  83  7:29  SCV  
  85  7:37  SCV, Engineering Bay x2  
  85  7:39  SCV, Barracks  
  85  7:41  Supply Depot  
  85  7:43  Supply Depot  
  87  7:44  Barracks  
  87  7:49  Siege Tank, Viking  
  87  7:50  Marine  
  86  8:12  Marine x2  
  87  8:19  Missile Turret  
  85  8:21  Missile Turret  
  85  8:26  Missile Turret  
  76  9:04  Cyclone  
  76  9:08  Missile Turret  
  74  9:13  Missile Turret  
Tags
 
Add a new tag
Caveats
  • Supply blocks, unpowered buildings, or Contaminate may cause inaccurate times.
  • Supply counts are checked every 10 seconds.